[Event "ICC tourney 2047 (75 10)"]
[Site "Internet Chess Club"]
[Date "2020.10.11"]
[Round "6"]
[White "SK-2005"]
[Black "chessmilano"]
[Result "0-1"]
[ICCResult "White checkmated"]
[WhiteElo "1701"]
[BlackElo "1737"]
[Opening "French: advance, Euwe variation"]
[ECO "C02"]
[NIC "FR.03"]
[Time "14:46:55"]
[TimeControl "4500+10"]

1. e4 e6 2. d4 d5 3. e5 c5 4. c3 Nc6 5. Nf3 Bd7 6. Bd3 Nge7 7. O-O cxd4 8.
cxd4 Nf5 9. Bxf5 exf5 10. Nc3 Be6 11. Qc2 Be7 12. Be3 O-O 13. a3 f6 14. Rac1
fxe5 15. dxe5 f4 16. Nd4 Nxd4 17. Bxd4 f3 18. Qb3 fxg2 19. Rfd1 Bg5 20. Rc2
Bf5 21. Re2 Bg4 22. Nxd5 Bxe2 23. Nf4+ Kh8 24. Nxe2 Qe7 25. Qb5 a6 26. Qa5
Qe6 27. Qb4 b5 28. Bc5 Rfd8 29. Bd6 Rac8 30. f4 Be7 31. Nd4 Qg4 32. Re1 Bh4
33. Rb1 Qxf4 34. Ne6 Qf2# {White checkmated} 0-1

[Event "ICC tourney 2047 (75 10)"]
[Site "Internet Chess Club"]
[Date "2020.10.11"]
[Round "6"]
[White "Cgchess"]
[Black "kirikiri007"]
[Result "0-1"]
[ICCResult "White resigns"]
[WhiteElo "1314"]
[BlackElo "1580"]
[Opening "Ruy Lopez: Cozio defense"]
[ECO "C60"]
[NIC "RL.04"]
[Time "14:47:00"]
[TimeControl "4500+10"]

1. e4 e5 2. Nf3 Nc6 3. Bb5 Nge7 4. O-O g6 5. d4 exd4 6. Nxd4 Bg7 7. c3 O-O
8. Be3 h6 9. Nd2 a6 10. Bxc6 Nxc6 11. N2f3 Kh7 12. Qd3 d5 13. exd5 Qxd5 14.
Rad1 Nxd4 15. Bxd4 Bxd4 16. Qxd4 Qxd4 17. Rxd4 Be6 18. Rb4 b5 19. Nd4 Bc4
20. Rxc4 bxc4 21. Nc2 Rab8 22. Rb1 c5 23. Ne3 Rfe8 24. Nxc4 Re6 25. f3 Kg7
26. Kf2 f5 27. Rd1 Kf6 28. Rd7 Rc8 29. Rd2 g5 30. Rd7 f4 31. Nd2 c4 32. Rd4
Rec6 33. Ne4+ Ke5 34. Nd2 h5 35. Re4+ Kf5 36. Re2 Rb8 37. Ne4 {White
resigns} 0-1

[Event "ICC tourney 2047 (75 10)"]
[Site "Internet Chess Club"]
[Date "2020.10.11"]
[Round "6"]
[White "shubham14"]
[Black "Boldmann"]
[Result "1-0"]
[ICCResult "Black resigns"]
[WhiteElo "1533"]
[BlackElo "1755"]
[Opening "English: symmetrical, main line with d3"]
[ECO "A38"]
[NIC "EO.27"]
[Time "14:53:53"]
[TimeControl "4500+10"]

1. c4 c5 2. Nc3 Nc6 3. g3 Nf6 4. Bg2 g6 5. Nf3 Bg7 6. O-O O-O 7. d3 d5 8.
Bf4 a6 9. Qb3 dxc4 10. dxc4 Qa5 11. Na4 Nd7 12. Nc3 Qb4 13. Qxb4 Nxb4 14. a3
Nc2 15. Rac1 Nd4 16. Nxd4 Bxd4 17. Nd5 e5 18. Bh6 Re8 19. Nc7 Bxb2 20. Nxe8
Bxc1 21. Rxc1 Nb6 22. Nd6 Be6 23. Nxb7 Nxc4 24. Nxc5 Rc8 25. Nxe6 fxe6 26.
Bb7 Rb8 27. Bxa6 Nxa3 28. Rc8+ Rxc8 29. Bxc8 Kf7 30. Ba6 Nc2 31. Be3 Nd4 32.
Bxd4 exd4 33. f4 Kf6 34. Kf2 e5 35. Kf3 g5 36. fxe5+ Kxe5 37. Kg4 Kf6 38.
Bd3 h6 39. Kh5 Kg7 40. h4 gxh4 41. gxh4 Kg8 42. Kxh6 Kh8 43. Kg6 Kg8 44. Kf5
Kg7 45. h5 Kh6 46. Ke4 Kxh5 47. Kxd4 Kg5 48. Ke5 Kg4 49. Kf6 Kf4 50. e4 Ke3
51. e5 Kxd3 52. e6 {Black resigns} 1-0

[Event "ICC tourney 2047 (75 10)"]
[Site "Internet Chess Club"]
[Date "2020.10.11"]
[Round "6"]
[White "MacAndSneeze"]
[Black "chesslin"]
[Result "0-1"]
[ICCResult "White resigns"]
[WhiteElo "1517"]
[BlackElo "1878"]
[Opening "Robatsch (modern) defense"]
[ECO "B06"]
[NIC "KF.05"]
[Time "14:46:47"]
[TimeControl "4500+10"]

1. e4 g6 2. d4 Bg7 3. Nc3 d6 4. Be3 a6 5. Qd2 b5 6. Be2 Nd7 7. f3 Nb6 8. h4
Nf6 9. g4 h5 10. g5 Ng8 11. O-O-O c6 12. f4 Bg4 13. Bxg4 Nc4 14. Qe2 hxg4
15. Bf2 Qa5 16. Be1 Qb4 17. Na4 Qxa4 18. Kb1 Rb8 19. a3 c5 20. e5 cxd4 21.
Qe4 b4 22. axb4 e6 23. b3 d5 24. Qxd4 Na3+ 25. Kb2 Nxc2 26. bxa4 Nxd4 27.
Rxd4 Ne7 28. Ne2 Nc6 29. Rd3 Nxb4 30. Rb3 Nd3+ 31. Kc2 Nxe1+ 32. Rxe1 Rxb3
33. Kxb3 Rxh4 34. Kb4 Bf8+ 35. Ka5 Rh2 36. Ng3 Ra2 37. Rb1 Bc5 38. Rb8+ Ke7
39. Rb7+ Kf8 40. Rb8+ Kg7 41. Rc8 Bf2 42. Rc3 Be1 43. Kxa6 Bxc3 44. f5 exf5
45. Kb7 Bxe5 46. a5 Bxg3 47. a6 d4 48. a7 Rxa7+ 49. Kxa7 d3 {White resigns}
0-1

[Event "ICC tourney 2047 (75 10)"]
[Site "Internet Chess Club"]
[Date "2020.10.11"]
[Round "6"]
[White "joeandjoe56"]
[Black "TheDude865"]
[Result "1-0"]
[ICCResult "Black checkmated"]
[WhiteElo "1771"]
[BlackElo "1317"]
[Opening "Ruy Lopez: closed, Flohr-Zaitsev system (Lenzerheide variation)"]
[ECO "C92"]
[NIC "RL.26"]
[Time "14:46:55"]
[TimeControl "4500+10"]

1. e4 e5 2. Nf3 Nc6 3. Bb5 a6 4. Ba4 Nf6 5. O-O Be7 6. Re1 b5 7. Bb3 O-O 8.
c3 d6 9. h3 Bb7 10. d4 Re8 11. Nbd2 Bf8 12. Bc2 h6 13. Nf1 exd4 14. cxd4 Nb4
15. Ng3 Nxc2 16. Qxc2 Rc8 17. b3 c5 18. d5 g6 19. Bb2 Bg7 20. Nd2 Rc7 21. f4
Rce7 22. Nf3 Qa8 23. h4 Kh7 24. f5 Bh8 25. fxg6+ fxg6 26. h5 Kg8 27. hxg6
Bc8 28. Qd2 Bg7 29. Rad1 Ng4 30. Bxg7 Kxg7 31. Qf4 Qb8 32. Nh4 Ne5 33. Nh5+
Kg8 34. Qxh6 Qc7 35. Nf6# {Black checkmated} 1-0

[Event "ICC tourney 2047 (75 10)"]
[Site "Internet Chess Club"]
[Date "2020.10.11"]
[Round "6"]
[White "Nikhilp"]
[Black "WizardY"]
[Result "0-1"]
[ICCResult "White resigns"]
[WhiteElo "1796"]
[BlackElo "1471"]
[Opening "Sicilian: dragon, Yugoslav attack, 10.O-O-O"]
[ECO "B78"]
[NIC "SI.18"]
[Time "14:46:55"]
[TimeControl "4500+10"]

1. e4 c5 2. Nf3 d6 3. d4 cxd4 4. Nxd4 Nf6 5. Nc3 g6 6. Be3 Bg7 7. f3 O-O 8.
Bc4 Nc6 9. Qd2 Bd7 10. O-O-O Rc8 11. Bb3 Nxd4 12. Bxd4 b5 13. h4 a5 14. h5
a4 15. Bxf6 Bxf6 16. hxg6 e6 17. gxh7+ Kh8 18. Qxd6 axb3 19. a3 bxc2 20.
Kxc2 Qa5 21. Rd3 Rfd8 22. Qf4 Bg7 23. Qxf7 Rc7 24. Kb1 b4 25. Qe7 Rb8 26.
axb4 Qxb4 27. Qxb4 Rxb4 28. Rhd1 Bxc3 29. Rxd7 Rxb2+ 30. Kc1 Rc4 31. Rd8+
Kxh7 32. R1d7+ Kh6 33. Kd1 Ra4 {White resigns} 0-1

[Event "ICC tourney 2047 (75 10)"]
[Site "Internet Chess Club"]
[Date "2020.10.11"]
[Round "6"]
[White "TheSuperKing"]
[Black "Mapking1"]
[Result "1/2-1/2"]
[ICCResult "Game drawn by mutual agreement"]
[WhiteElo "1714"]
[BlackElo "1623"]
[Opening "Sicilian: dragon, Yugoslav attack, 9...Bd7"]
[ECO "B77"]
[NIC "SI.18"]
[Time "14:47:01"]
[TimeControl "4500+10"]

1. e4 c5 2. Nf3 d6 3. d4 cxd4 4. Nxd4 Nf6 5. Nc3 g6 6. Be3 Bg7 7. f3 Nc6 8.
Qd2 O-O 9. Bc4 Bd7 10. Bb3 Rc8 11. O-O-O Nxd4 12. Bxd4 b5 13. g4 b4 14. Nd5
Nxd5 15. Bxg7 Kxg7 16. Qxd5 a5 17. e5 a4 18. exd6 axb3 19. Qe5+ f6 20. Qxe7+
Kh8 21. Qxd8 Rfxd8 22. axb3 Be6 23. Rhe1 Bxb3 24. d7 Rxc2+ 25. Kb1 Kg7 26.
Rd3 Rc4 27. Re7+ Kf8 28. Re8+ Rxe8 29. dxe8=Q+ Kxe8 30. Rxb3 Kf7 31. Rd3 Ke6
32. b3 Rf4 33. Kc2 Ke5 34. Re3+ Kd6 35. Kd2 f5 36. h3 Rd4+ 37. Ke2 fxg4 38.
fxg4 Rf4 39. Kd2 h5 40. gxh5 gxh5 41. Rg3 Ke5 42. Re3+ Kd4 43. Rd3+
{Game drawn by mutual agreement}
1/2-1/2

[Event "ICC tourney 2047 (75 10)"]
[Site "Internet Chess Club"]
[Date "2020.10.11"]
[Round "6"]
[White "angelpawn"]
[Black "cdj12417489"]
[Result "1-0"]
[ICCResult "Black resigns"]
[WhiteElo "1614"]
[BlackElo "1291"]
[Opening "King's Indian: 5.Nf3"]
[ECO "E90"]
[NIC "KI.21"]
[Time "14:47:42"]
[TimeControl "4500+10"]

1. d4 Nf6 2. c4 g6 3. Nc3 Bg7 4. e4 d6 5. Nf3 O-O 6. Bd3 Bg4 7. h3 Bxf3 8.
Qxf3 c6 9. O-O Na6 10. a3 Nc7 11. Be3 Nd7 12. Rab1 e5 13. d5 c5 14. b4 Na6
15. b5 Nc7 16. a4 Ne8 17. Ra1 b6 18. Ra2 a5 19. Qe2 Qe7 20. Qd2 Qh4 21. Bg5
Qh5 22. Be2 Qxg5 23. Qxg5 h6 24. Qd2 f5 25. f3 f4 26. Qe1 Nef6 27. g4 Nh7
28. h4 Ndf6 29. Bd1 Kf7 30. Rh2 h5 31. g5 Nd7 32. Kf2 Ke7 33. Rg1 Rf7 34.
Qf1 Nhf8 35. Ke2 Kd8 36. Kd2 Kc7 37. Kc2 Re8 38. Be2 Nh7 39. Qe1 Ree7 40.
Bf1 Nhf8 41. Bh3 Nb8 42. Nb1 Kd8 43. Nd2 Kc7 44. Nb3 Kb7 45. Qd2 Kc7 46.
Nxa5 bxa5 47. Qxa5+ Kb7 48. Qc3 Ka8 49. Ra1 Nfd7 50. a5 Ka7 51. Kd3 Re8 52.
Rb2 Bf8 53. b6+ Kb7 54. a6+ Nxa6 55. Rxa6 Kxa6 56. Qa3+ {Black resigns} 1-0

[Event "ICC tourney 2047 (75 10)"]
[Site "Internet Chess Club"]
[Date "2020.10.11"]
[Round "6"]
[White "Mozart1"]
[Black "nikhilthota"]
[Result "0-1"]
[ICCResult "White resigns"]
[WhiteElo "1820"]
[BlackElo "1780"]
[Opening "Two knights defense (Modern bishop's opening)"]
[ECO "C55"]
[NIC "IG.01"]
[Time "14:46:53"]
[TimeControl "4500+10"]

1. e4 e5 2. Nf3 Nc6 3. Bc4 Nf6 4. d3 Be7 5. c3 O-O 6. O-O d6 7. b4 a6 8.
Nbd2 b5 9. Bb3 a5 10. bxa5 Nxa5 11. Bc2 c5 12. Nb3 Nxb3 13. Bxb3 Be6 14.
Bxe6 fxe6 15. Qb3 Qd7 16. Re1 Nh5 17. d4 exd4 18. cxd4 Bf6 19. e5 dxe5 20.
dxe5 Be7 21. Be3 c4 22. Qc2 Nf4 23. Qe4 Nd3 24. Red1 Qd5 25. Qg4 Rf7 26. Qg3
Raf8 27. Ne1 Bb4 28. Nxd3 cxd3 29. a3 Bc3 30. Rac1 Bxe5 31. Qg4 Bb2 32. Rc5
Qb3 33. Rb1 d2 34. g3 Rf3 35. Bxd2 Qd3 36. Rxb2 Rxf2 37. Rc1 Rf1+ 38. Kg2
Rxc1 39. Kh3 Qf1+ 40. Kh4 Qf6+ 41. Qg5 Qxb2 42. Bxc1 Qd4+ 43. Bf4 Rf5 44.
Qe7 Qf6+ 45. Bg5 Qxe7 46. Bxe7 e5 47. Kg4 Rf2 48. h4 e4 49. Bc5 Rf6 50. Be3
g6 51. Bc5 h5+ 52. Kh3 Re6 53. Kg2 Rc6 54. Bb4 Rc2+ 55. Kf1 e3 56. Bc5 Rxc5
{White resigns}
0-1

[Event "ICC tourney 2047 (75 10)"]
[Site "Internet Chess Club"]
[Date "2020.10.11"]
[Round "6"]
[White "natez"]
[Black "coolhappyfish"]
[Result "1/2-1/2"]
[ICCResult "Game drawn by mutual agreement"]
[WhiteElo "1840"]
[BlackElo "1629"]
[Opening "QGD Slav: 4.e3 Bf5"]
[ECO "D12"]
[NIC "QP.08"]
[Time "14:47:00"]
[TimeControl "4500+10"]

1. d4 d5 2. Nf3 Nf6 3. e3 Bf5 4. c4 c6 5. Nc3 e6 6. Qb3 Qc7 7. Bd2 Be7 8.
Rc1 Qb6 9. c5 Qxb3 10. axb3 h6 11. b4 b5 12. Ne5 O-O 13. Be2 Nfd7 14. Nxd7
Nxd7 15. O-O e5 16. Ra1 Bf6 17. dxe5 Nxe5 18. Ra3 Rfc8 19. Rfa1 Rc7 20. f4
Nc4 21. Bxc4 dxc4 22. Be1 Bxc3 23. Bxc3 Bc2 24. Be5 Rd7 25. Bd6 f5 26. Kf2
Ba4 27. Ke2 {Game drawn by mutual agreement} 1/2-1/2

[Event "ICC tourney 2047 (75 10)"]
[Site "Internet Chess Club"]
[Date "2020.10.11"]
[Round "6"]
[White "TheOrcaPro"]
[Black "atevifred"]
[Result "0-1"]
[ICCResult "White checkmated"]
[WhiteElo "1728"]
[BlackElo "1903"]
[Opening "Caro-Kann: advance variation"]
[ECO "B12"]
[NIC "CK.02"]
[Time "14:46:45"]
[TimeControl "4500+10"]

1. e4 c6 2. d4 d5 3. e5 c5 4. c3 Nc6 5. f4 e6 6. Nf3 Bd7 7. Be3 Qb6 8. Qd2
Nh6 9. Bd3 Ng4 10. Bg1 f6 11. h3 Nh6 12. exf6 gxf6 13. b3 Nf7 14. Bf2 O-O-O
15. Qc2 e5 16. fxe5 fxe5 17. dxe5 Nfxe5 18. Nxe5 Nxe5 19. Bxh7 Qh6 20. Bf5
Re8 21. O-O Qg5 22. Bxd7+ Nxd7 23. Qd3 Bd6 24. h4 Qe5 25. Qh3 Rhf8 26. Nd2
Qf4 27. Bxc5 Bxc5+ 28. Kh1 Qxd2 29. Rfd1 Qf2 30. Rxd5 Re1+ 31. Rxe1 Qxe1+
32. Kh2 Bg1+ 33. Kh1 Bf2+ 34. Kh2 Qg1# {White checkmated} 0-1

[Event "ICC tourney 2047 (75 10)"]
[Site "Internet Chess Club"]
[Date "2020.10.11"]
[Round "6"]
[White "avats"]
[Black "CRonaldo"]
[Result "1/2-1/2"]
[ICCResult "Game drawn by repetition"]
[WhiteElo "1604"]
[BlackElo "1639"]
[Opening "Petrov: Nimzovich attack"]
[ECO "C42"]
[NIC "RG.03"]
[Time "14:47:16"]
[TimeControl "4500+10"]

1. e4 e5 2. Nf3 Nf6 3. Nxe5 d6 4. Nf3 Nxe4 5. Nc3 Nxc3 6. dxc3 Be6 7. Be2
Nc6 8. Be3 Qd7 9. Nd4 Be7 10. O-O O-O 11. Nxe6 fxe6 12. Qd2 Rae8 13. Bg4 Ne5
14. Be2 Qc6 15. Rfe1 Nc4 16. Bxc4 Qxc4 17. Qd3 Qc6 18. Rad1 a6 19. Bc1 Bh4
20. Be3 Rf7 21. Re2 Ref8 22. Rf1 e5 23. a3 e4 24. Qd2 Qd7 25. Bg5 Bxg5 26.
Qxg5 d5 27. Qc1 Qg4 28. Ree1 c5 29. Qd1 Qg5 30. Qc1 Qg6 31. Qd2 Rf5 32. Re3
Rd8 33. f3 Rdf8 34. Qe2 h5 35. Kh1 h4 36. h3 Qg3 37. c4 exf3 38. Rexf3 Rxf3
39. Rxf3 Rxf3 40. Qxf3 Qxf3 41. gxf3 dxc4 42. Kg2 Kf7 43. f4 Kf6 44. Kf3 Kf5
45. Ke3 g6 46. Kf3 b5 47. Ke3 a5 48. Kf3 a4 49. c3 b4 50. Ke3 Ke6 51. Kf2
Kf5 52. Kf3 Ke6 53. Kg4 Kd5 54. Kf3 Ke6 55. Ke2 bxc3 56. bxc3 Kf5 57. Kf3
Ke6 58. Kg4 Kd5 59. f5 gxf5+ 60. Kxf5 Kd6 61. Kf4 Kd5 62. Kf5 Kd6 63. Ke4
Ke6 64. Kf4 Kd5 65. Kf5 Kd6 66. Kf6 Kd5 67. Kf5 Kd6 68. Kf6 Kd5 69. Kf5 Kd6
70. Kf6 {Game drawn by repetition} 1/2-1/2

[Event "ICC tourney 2047 (75 10)"]
[Site "Internet Chess Club"]
[Date "2020.10.11"]
[Round "6"]
[White "AkshatSuresh"]
[Black "Theutltl"]
[Result "1/2-1/2"]
[ICCResult "Game drawn by mutual agreement"]
[WhiteElo "1566"]
[BlackElo "1291"]
[Opening "Sicilian: Scheveningen (Paulsen), classical variation"]
[ECO "B85"]
[NIC "SI.23"]
[Time "14:46:50"]
[TimeControl "4500+10"]

1. e4 c5 2. Nf3 d6 3. d4 cxd4 4. Nxd4 Nf6 5. Nc3 a6 6. Be2 e6 7. Be3 Be7 8.
O-O O-O 9. f4 b5 10. a3 Bb7 11. Bf3 Qc7 12. Qe1 Nbd7 13. Qg3 Nc5 14. f5 e5
15. Bh6 Ne8 16. Nde2 Kh8 17. Be3 Nf6 18. Bxc5 Qxc5+ 19. Kh1 Bc6 20. Nc1 a5
21. Nd3 Qb6 22. Qe1 Rfc8 23. Qe2 b4 24. axb4 axb4 25. Na2 b3 26. cxb3 Qxb3
27. Nab4 Bb5 28. Rxa8 Rxa8 29. Rc1 Qxb4 30. Nxb4 Bxe2 31. Bxe2 Rb8 32. Rc7
Bd8 33. Rc4 Ba5 34. Nd3 {Game drawn by mutual agreement} 1/2-1/2

[Event "ICC tourney 2047 (75 10)"]
[Site "Internet Chess Club"]
[Date "2020.10.11"]
[Round "6"]
[White "davidtxie"]
[Black "wahoo"]
[Result "1-0"]
[ICCResult "Black checkmated"]
[WhiteElo "1669"]
[BlackElo "1752"]
[Opening "Vienna gambit"]
[ECO "C29"]
[NIC "VG.04"]
[Time "14:47:42"]
[TimeControl "4500+10"]

1. e4 e5 2. Nc3 Nf6 3. f4 d6 4. Nf3 exf4 5. d4 Nc6 6. Bxf4 Be7 7. Be2 a6 8.
a3 Bg4 9. h3 Bh5 10. Qd2 Bg6 11. Bd3 Bh5 12. O-O-O Bxf3 13. gxf3 Nxd4 14.
Qg2 Ne6 15. Bh2 Qd7 16. Bc4 O-O-O 17. e5 Nh5 18. Qg4 g6 19. exd6 Bxd6 20.
Ne4 Qe7 21. Nxd6+ cxd6 22. Bb3 Rd7 23. Rhe1 Nf6 24. Qc4+ Kb8 25. Qb4 Rhd8
26. Qb6 Ne8 27. Ba4 Qg5+ 28. Kb1 Re7 29. Bxe8 Rexe8 30. Re3 Rd7 31. Rb3 Ka8
32. Rxd6 Qd8 33. Rxd7 Qxd7 34. Bg1 Kb8 35. Qa7+ Kc8 36. Qa8+ Kc7 37. Qxb7+
Kd8 38. Rd3 Nd4 39. Rxd4 Re1+ 40. Ka2 Qxd4 41. Bxd4 f5 42. Qxh7 f4 43. Qxg6
a5 44. Qf5 a4 45. Qxf4 Rh1 46. h4 Ke8 47. Qg5 Kf7 48. h5 Kf8 49. h6 Kf7 50.
Qg7+ Ke6 51. h7 Re1 52. h8=Q Kd5 53. Qh5+ Kc4 54. Qc5# {Black checkmated}
1-0

[Event "ICC tourney 2047 (75 10)"]
[Site "Internet Chess Club"]
[Date "2020.10.11"]
[Round "6"]
[White "gardemarin13"]
[Black "alexsaidfeghhi"]
[Result "0-1"]
[ICCResult "White resigns"]
[WhiteElo "1870"]
[BlackElo "1888"]
[Opening "Alekhine's defense: exchange variation"]
[ECO "B03"]
[NIC "AL.08"]
[Time "14:46:50"]
[TimeControl "4500+10"]

1. e4 Nf6 2. e5 Nd5 3. d4 d6 4. c4 Nb6 5. exd6 exd6 6. Nc3 Nc6 7. d5 Qe7+ 8.
Be3 Ne5 9. Be2 Bd7 10. b3 f5 11. f4 Nexc4 12. Bxb6 Nxb6 13. Qd2 g6 14. Nf3
Bg7 15. Rc1 O-O 16. O-O Rae8 17. Kf2 Bxc3 18. Rxc3 Qxe2+ 19. Qxe2 Rxe2+ 20.
Kxe2 Nxd5 21. Rc4 Bb5 22. Nd4 Re8+ 23. Kd2 Bxc4 24. bxc4 Ne3 25. Rb1 b6 26.
Nb5 Nxg2 27. Nxc7 Rc8 28. Nb5 Rxc4 29. Nxa7 Ra4 30. Nc8 Rxa2+ 31. Kc3 Nxf4
32. Nxd6 Rxh2 33. Re1 Re2 34. Ra1 h5 35. Ra8+ Kg7 36. Ra7+ Kf6 {White
resigns} 0-1

[Event "ICC tourney 2047 (75 10)"]
[Site "Internet Chess Club"]
[Date "2020.10.11"]
[Round "6"]
[White "Eagle2020"]
[Black "subielife"]
[Result "1/2-1/2"]
[ICCResult "Game drawn by mutual agreement"]
[WhiteElo "1509"]
[BlackElo "1501"]
[Opening "Sicilian: Alapin's variation (2.c3)"]
[ECO "B22"]
[NIC "SI.46"]
[Time "14:47:31"]
[TimeControl "4500+10"]

1. e4 c5 2. c3 g6 3. d4 Qc7 4. Nf3 Bg7 5. Na3 a6 6. Be3 b5 7. Nc2 Nf6 8. e5
Nd5 9. g3 c4 10. Bg2 Bb7 11. O-O a5 12. a3 Na6 13. Qd2 h6 14. Bf4 e6 15. Ne3
Nxe3 16. Bxe3 Qc6 17. Rfe1 Nc7 18. Rad1 g5 19. h3 O-O-O 20. Nh4 Nd5 21. Nf3
Rdf8 22. Nh2 f5 23. exf6 Bxf6 24. Ng4 Qc7 25. Ne5 Rhg8 26. Bh1 Be7 27. Be4
Kb8 28. Ng6 Rf7 29. Nxe7 Rxe7 30. Qc2 a4 31. Rc1 Rf7 32. Qe2 Qd8 33. Bd2 d6
34. Bg2 Rf6 35. Qf1 Qd7 36. Re2 Nf4 37. gxf4 gxf4 38. f3 e5 39. dxe5 Rfg6
40. Kh2 dxe5 41. Rd1 Qf5 42. Be1 Qh5 43. Rd7 Bc6 44. Re7 Rg5 45. Qg1 Bb7 46.
Rd2 R5g6 47. Qf2 Rxg2+ 48. Qxg2 {Game drawn by mutual agreement} 1/2-1/2

[Event "ICC tourney 2047 (75 10)"]
[Site "Internet Chess Club"]
[Date "2020.10.11"]
[Round "6"]
[White "irisl"]
[Black "FL2009"]
[Result "1/2-1/2"]
[ICCResult "Game drawn because neither player has mating material"]
[WhiteElo "1387"]
[BlackElo "1830"]
[Opening "Evans gambit: 5...Be7"]
[ECO "C51"]
[NIC "IG.05"]
[Time "14:47:20"]
[TimeControl "4500+10"]

1. e4 e5 2. Nf3 Nc6 3. Bc4 Bc5 4. b4 Bxb4 5. c3 Be7 6. d4 d6 7. Qb3 Na5 8.
Bxf7+ Kf8 9. Qa4 Kxf7 10. Qxa5 exd4 11. cxd4 c6 12. Qa4 h6 13. O-O Nf6 14.
Nc3 Re8 15. Re1 Kg8 16. Rb1 Bf8 17. Qc2 b6 18. Bf4 Qd7 19. Rbd1 Bb7 20. e5
Nd5 21. Nxd5 cxd5 22. Qg6 Qe6 23. Qxe6+ Rxe6 24. exd6 Rxe1+ 25. Rxe1 Rd8 26.
h3 a6 27. Rc1 Bxd6 28. Bxd6 Rxd6 29. Rc7 Bc6 30. Ne5 Bb5 31. f3 Bc4 32. Nxc4
dxc4 33. Rxc4 b5 34. Rb4 Kf7 35. Kf2 Ke6 36. Ke3 Kd5 37. a4 Rb6 38. f4 Kc6
39. a5 Rb7 40. Kd3 Kd5 41. Rb1 b4 42. g4 b3 43. f5 b2 44. Kc3 Rc7+ 45. Kxb2
Kxd4 46. Re1 Rb7+ 47. Kc2 Rb5 48. Ra1 Ke4 49. Ra4+ Kf3 50. h4 Re5 51. h5
Re2+ 52. Kd3 Re3+ 53. Kc2 Re2+ 54. Kd3 Re3+ 55. Kd2 Re2+ 56. Kd3 Re3+ 57.
Kc2 Re2+ 58. Kd3 Re3+ 59. Kc2 Re2+ 60. Kd3 Rg2 61. Rb4 Rxg4 62. Rb6 Rg5 63.
f6 gxf6 64. Rxf6+ Kg4 65. Rxa6 Rxh5 66. Ra8 Rh1 67. a6 Ra1 68. a7 Kh3 69.
Ke4 h5 70. Kf3 h4 71. Kf2 Ra2+ 72. Kf3 Ra3+ 73. Kf2 Ra2+ 74. Kf3 Ra3+ 75.
Kf2 Ra2+ 76. Kf3 Ra6 77. Kf2 Rf6+ 78. Kg1 Rf7 79. Re8 Rxa7 80. Re3+ Kg4 81.
Re4+ Kg3 82. Re3+ Kg4 83. Re4+ Kf3 84. Rb4 Re7 85. Rb3+ Kg4 86. Rb4+ Kh5 87.
Rb5+ Kg6 88. Rb6+ Kf5 89. Rb5+ Kg4 90. Rb4+ Kg3 91. Rb3+ Kf4 92. Rb4+ Kf3
93. Rb3+ Re3 94. Rxe3+ Kxe3 95. Kh2 Kf4 96. Kh3 Kg5 97. Kh2 Kg4 98. Kg2 Kf4
99. Kh3 Kg5 100. Kh2 Kf4 101. Kh3 Kg5 102. Kh2 Kg4 103. Kg2 h3+ 104. Kh2 Kh4
105. Kh1 Kg3 106. Kg1 Kf3 107. Kh2 Kg4 108. Kh1 Kh4 109. Kh2 Kg4 110. Kh1
Kg3 111. Kg1 Kf3 112. Kh2 Kg4 113. Kh1 Kf4 114. Kh2 Kg4 115. Kh1 Kg3 116.
Kg1 h2+ 117. Kh1 Kf2 118. Kxh2
{Game drawn because neither player has mating material}
1/2-1/2

[Event "ICC tourney 2047 (75 10)"]
[Site "Internet Chess Club"]
[Date "2020.10.11"]
[Round "6"]
[White "rcww2020"]
[Black "Han366"]
[Result "0-1"]
[ICCResult "White checkmated"]
[WhiteElo "1678"]
[BlackElo "1716"]
[Opening "French defense"]
[ECO "C00"]
[NIC "FR.01"]
[Time "14:47:35"]
[TimeControl "4500+10"]

1. e4 e6 2. Nf3 d5 3. exd5 exd5 4. d4 Nf6 5. Nc3 c5 6. Be2 cxd4 7. Nxd4 Nc6
8. O-O Be7 9. Bb5 Qd6 10. Nce2 O-O 11. Bf4 Qc5 12. c3 Bg4 13. Bxc6 bxc6 14.
Be3 Qd6 15. h3 Bd7 16. b4 Ne4 17. Qe1 Bh4 18. Nf3 Bf6 19. Nd2 Nxc3 20. Bc5
Nxe2+ 21. Qxe2 Qf4 22. Bxf8 Bxa1 23. Bc5 Re8 24. Qd1 Be5 25. Nf3 Bb8 26. Re1
Rxe1+ 27. Qxe1 Qe4 28. Qxe4 dxe4 29. Nd4 f5 30. Kf1 Kf7 31. Ke2 Kf6 32. Ke3
g6 33. a4 a6 34. Nb3 Ke5 35. g3 Kd5 36. Na5 Bd6 37. Bxd6 Kxd6 38. Kf4 Kd5
39. Kg5 Ke5 40. Kh6 f4 41. Nc4+ Kd4 42. Nd2 fxg3 43. fxg3 Bxh3 44. Kxh7 Kd3
45. Nb3 e3 46. Kxg6 e2 47. Nc1+ Kd2 48. Nxe2 Kxe2 49. Kf6 Kd3 50. Ke5 Kc4
51. Kd6 Bg2 52. g4 Kxb4 53. g5 Bd5 54. g6 Kxa4 55. Kc5 Kb3 56. Kb6 a5 57.
Kxa5 c5 58. Kb5 c4 59. Kc5 Bg8 60. Kd4 c3 61. g7 Kb2 62. Kd3 c2 63. Kd4 c1=Q
64. Kd3 Qf4 65. Ke2 Qg3 66. Kf1 Qh2 67. Ke1 Kc3 68. Kf1 Bc4+ 69. Ke1 Qe2#
{White checkmated}
0-1

[Event "ICC tourney 2047 (75 10)"]
[Site "Internet Chess Club"]
[Date "2020.10.11"]
[Round "7"]
[White "Eagle2020"]
[Black "Cgchess"]
[Result "1-0"]
[ICCResult "Black resigns"]
[WhiteElo "1517"]
[BlackElo "1311"]
[Opening "French: exchange variation"]
[ECO "C01"]
[NIC "FR.01"]
[Time "18:32:14"]
[TimeControl "4500+10"]

1. e4 e6 2. d4 d5 3. exd5 exd5 4. Bd3 Nf6 5. Nf3 Be7 6. h3 O-O 7. Be3 b6 8.
O-O Bb7 9. Nbd2 Nbd7 10. c3 c5 11. Re1 cxd4 12. Bxd4 Bc5 13. Bxc5 Nxc5 14.
Bc2 Nce4 15. Nxe4 dxe4 16. Qxd8 Raxd8 17. Ng5 Rfe8 18. Bb3 Re7 19. Rad1 Rxd1
20. Rxd1 h6 21. Nxf7 {Black resigns} 1-0

[Event "ICC tourney 2047 (75 10)"]
[Site "Internet Chess Club"]
[Date "2020.10.11"]
[Round "7"]
[White "M6northrup"]
[Black "Chess121"]
[Result "0-1"]
[ICCResult "White resigns"]
[WhiteElo "1630"]
[BlackElo "1453"]
[Opening "French defense"]
[ECO "C11"]
[NIC "FR.04"]
[Time "18:37:48"]
[TimeControl "4500+10"]

1. e4 e6 2. d4 d5 3. Nc3 Nf6 4. exd5 exd5 5. Nf3 Bg4 6. Bg5 Be7 7. Bb5+ c6
8. Be2 Nbd7 9. O-O O-O 10. Re1 Ne4 11. Nxe4 dxe4 12. Bxe7 Qxe7 13. Nd2 Bxe2
14. Qxe2 f5 15. f3 Qb4 16. fxe4 Qxd4+ 17. Kh1 fxe4 18. Qxe4 Qxe4 19. Nxe4
Nf6 20. h3 Nxe4 21. Rxe4 Rae8 22. Rae1 Rxe4 23. Rxe4 Rf2 24. Re7 Rf7 25.
Re8+ Rf8 26. Rxf8+ Kxf8 27. g4 Ke7 28. Kg2 Ke6 29. Kf2 Ke5 30. Ke3 g5 31. c3
c5 32. b3 b5 33. b4 cxb4 34. cxb4 a6 35. Kd3 Kf4 36. Kd4 Kg3 37. Kc5 Kxh3
38. Kb6 Kxg4 39. Kxa6 Kf5 40. Kxb5 g4 41. Ka6 g3 42. b5 g2 43. b6 g1=Q 44.
b7 Qf1+ 45. Kb6 Qb1+ 46. Kc7 Qc2+ 47. Kd7 Qd3+ 48. Kc7 Qc4+ 49. Kd7 Qd5+ 50.
Kc7 Qc5+ 51. Kd7 Qb6 52. Kc8 Qc6+ 53. Kb8 Ke6 54. Ka7 Qc5+ 55. Ka6 Qc6+ 56.
Ka7 Qa4+ 57. Kb6 Qb4+ 58. Kc6 Qd6+ 59. Kb5 Qb8 60. Kc6 Ke7 61. a4 Qd6+ 62.
Kb5 Kd7 63. a5 Kc7 {White resigns} 0-1

[Event "ICC tourney 2047 (75 10)"]
[Site "Internet Chess Club"]
[Date "2020.10.11"]
[Round "7"]
[White "cdj12417489"]
[Black "wulovechess"]
[Result "0-1"]
[ICCResult "White resigns"]
[WhiteElo "1283"]
[BlackElo "1406"]
[Opening "Two knights defense"]
[ECO "C55"]
[NIC "IG.01"]
[Time "18:32:21"]
[TimeControl "4500+10"]

1. e4 e5 2. Nf3 Nc6 3. Bc4 Nf6 4. O-O Nxe4 5. Re1 d5 6. Bb5 Bc5 7. d4 exd4
8. Bxc6+ bxc6 9. Nxd4 O-O 10. Be3 Re8 11. f3 Nd6 12. Bf2 Rxe1+ 13. Bxe1 Rb8
14. Bc3 Qf6 15. Kh1 Nf5 16. Nxf5 Qxf5 17. Qe1 Be6 18. Qg3 d4 19. Bxd4 Bxd4
20. Qxc7 Rc8 21. Qg3 Bxb2 22. Nd2 Bxa1 23. Ne4 Qd5 24. h3 Qd1+ 25. Kh2 Bd4
26. Qf4 Qg1+ 27. Kg3 Qe3 28. c3 Qxf4+ 29. Kxf4 Bb6 30. Ke5 Bxa2 31. Kf4 Bd5
32. g4 a5 33. Nd2 Re8 34. c4 Be3+ 35. Kg3 Bxd2 {White resigns} 0-1